 Dungeon Sprint DCSS version 0.31-a0-174-g85c54bcb58 (webtiles) character file.

Game seed: 12812487046506638886

25 sircluck the Covert (level 3, -3/22 HPs)
             Began as a Kobold Brigand on June 15, 2023.
             Slain by a fire bat (9 damage)
             ... in the Dungeon (Sprint I: "Red Sonja").
             The game lasted 00:00:33 (22 turns).

sircluck the Covert (Kobold Brigand)                  Turns: 22, Time: 00:00:34

Health: -3/22      AC:  3    Str:  8    XL:     3   Next: 17%
Magic:  3/3        EV: 14    Int: 12    God:
Gold:   0          SH:  0    Dex: 18    Spells: 2/2 levels left

rFire   . . .        a - +2 dagger
rCold   . . .        (no shield)
rNeg    . . .        b - +0 robe
rPois   .            (no helmet)
rElec   .            c - +0 cloak
rCorr   .            (no gloves)
SInv    .            (no boots)
Will    .....        (no amulet)
Stlth   +++++        (no ring)
HPRegen 0.23/turn    (no ring)
MPRegen 0.08/turn

%: no teleportation
@: no status effects
A: small, no large weapons, nightstalker 3
a: no special abilities


You were in the Dungeon.
You visited 1 branch

Inventory:

Hand Weapons
 a - a +2 dagger (weapon)
Missiles
 d - 9 poisoned darts (quivered)
 e - 3 curare-tipped darts
Armour
 b - a +0 robe (worn)
 c - a +0 cloak (worn)
Wands
 l - a wand of polymorph (6)
Scrolls
 k - a scroll of blinking
Potions
 f - a potion of curing
 g - 2 potions of heal wounds
 h - a potion of haste
 i - 2 potions of magic
 j - a potion of berserk rage


   Skills:
 + Level 2.8 Fighting
 + Level 3.4 Short Blades
 + Level 2.8 Throwing
 + Level 1.3 Dodging
 + Level 8.9 Stealth


You had 2 spell levels left.
You didn't know any spells.
Your spell library was empty.

Dungeon Overview and Level Annotations

Branches:
Dungeon (1/1)

Altars:


Innate Abilities, Weirdness & Mutations

You are small and have problems with some larger weapons.
You are completely attuned to the shadows.


Message History

Welcome, sircluck the Kobold Brigand.
Press ? for a list of commands and other information.
Found a staircase leading out of the dungeon.
You open the door.
Ijyb the Twisted Goblin comes into view.
She is wielding a +0 dagger and carrying a wand of polymorph (7).
There is an open door here.
The helpless Ijyb fails to defend herself.
You impale Ijyb!!
You kill Ijyb!
Your Short Blades skill increases to level 3!
Your Stealth skill gained 3 levels and is now at level 8!
You have reached level 2!
You have reached level 3!
Your experience leads to an increase in your attributes!
Increase (S)trength, (I)ntelligence, or (D)exterity?
You feel agile. x2
l - a wand of polymorph (7);
g - 2 potions of heal wounds (gained 1)
Things that are here:
a +0 dagger; a +0 ring mail; the goblin corpse of Ijyb
There is an open door here.
There is an open door here.
Things that are here:
a +0 dagger; a +0 ring mail; the goblin corpse of Ijyb You open the door.
An ogre comes into view. It is wielding a +0 giant club.
Aiming: Polymorph
Press: ? - help, Q - select action, (/) - cycle Shift-Dir - straight line, f - ogre
Aim: an ogre, wielding a +0 giant club (will become a wolf, a fire bat, or a swamp drake, chance to affect: 49%)
The ogre evaporates and reforms as a fire bat!
The fire bat bites you.
You are engulfed in flames!
You closely miss the fire bat. The fire bat closely misses you.
The fire bat bites you.
* * * LOW HITPOINT WARNING * * *
You are engulfed in flames!
You die...

##########
#<.#.b').#
#..'@.#..+
#..#### +#
#..# #..#
#..# #⌠⌠#
####


You could see a fire bat.

Vanquished Creatures
  Ijyb (D)
1 creature vanquished.

Notes
Turn   | Place    | Note
-------+----------+-------------------------------------------
     0 | D        | sircluck the Kobold Brigand began the quest for the Orb.
     0 | D        | Reached XP level 1. HP: 12/12 MP: 1/1
     1 | D        | Noticed Ijyb
     4 | D        | Killed Ijyb
     5 | D        | Reached skill level 8 in Stealth
     5 | D        | Reached XP level 2. HP: 18/18 MP: 2/2
     5 | D        | Reached XP level 3. HP: 22/22 MP: 3/3
    19 | D        | Noticed an ogre
    20 | D        | an ogre changed into a fire bat
    20 | D        | Noticed a fire bat
    22 | D        | Slain by a fire bat

Illustrated notes

Levels and vault maps discovered:
D:        dungeon_sprint_1 [red_sonja_temple_1, red_sonja_temple_small_1]

Skill      XL: |  1 |
---------------+----+-----
Short Blades   | 3 |  3.4
Stealth        | 8 |  8.9
Fighting       | |  2.8
Throwing       | |  2.8
Dodging        | |  1.3

Action                     || total
---------------------------++-------
  Melee: Dagger            ||     2
  Evoke: Wand              ||     1
   Stab: Sleeping          ||     1
  Dodge: Dodged            ||     1

Table legend: (Time is in decaauts)
 A = Elapsed time spent in this place.
 B = Non-inter-level travel time spent in this place.
 C = Inter-level travel time spent in this place.
 D = Time resting spent in this place.
 E = Time spent auto-exploring this place.
 F = Levels seen in this place.
 G = Mean time per level.
                   A        B        C        D        E       F      G
               +--------+--------+--------+--------+--------+-----+--------+
         Total |     21 |      8 |     13 |      0 |      0 |   1 |   21.0 |
       Dungeon |     21 |      8 |     13 |      0 |      0 |   1 |   21.0 |
               +--------+--------+--------+--------+--------+-----+--------+

Top non-repeatable levels by time:
       D: 21 daAuts
